 Dungeon Crawl Stone Soup version 0.31-a0-233-g139696dc86 (webtiles) character file.

Game seed: 11793183985219402380

227 qw the Shooter (level 5, -4/45 HPs)
             Began as a Minotaur Hexslinger on July 7, 2023.
             Slain by an orc
             ... wielding a +0 club
              (5 damage)
             ... on level 4 of the Dungeon.
             The game lasted 00:01:22 (2884 turns).

qw the Shooter (Minotaur Hexslinger)                Turns: 2884, Time: 00:01:22

Health: -4/45      AC:  9    Str: 13    XL:     5   Next: 70%
Magic:  0/5        EV: 11    Int: 10    God:
Gold:   118        SH:  0    Dex: 14    Spells: 5/6 levels left

rFire   + . .        Y - +1 sling
rCold   + + .        (no shield)
rNeg    . . .        e - +0 ring mail
rPois   +            f - +0 hat of Sirewk {rPois rC+ Slay-3}
rElec   .            b - scarf {rC+ rF+}
rCorr   .            (no gloves)
SInv    .            (no boots)
Will    .....        d - amulet of guardian spirit
Stlth   +            k - +4 ring of protection
HPRegen 0.27/turn    (no ring)
MPRegen 0.09/turn

%: guardian spirit
@: about to teleport
A: horns 2, retaliatory headbutt
a: no special abilities


You were on level 4 of the Dungeon.
You visited 1 branch of the dungeon, and saw 4 of its levels.
You also visited: Sewer.

You collected 186 gold pieces.
You spent 68 gold pieces at shops.


Innate Abilities, Weirdness & Mutations

You have a pair of horns on your head.
You reflexively headbutt those who attack you in melee.


   Skills:
 - Level 3.0 Fighting
 + Level 5.9 Ranged Weapons
 - Level 1.0 Armour
 - Level 2.1 Dodging
 - Level 1.0 Spellcasting
 - Level 2.0 Hexes


You had 5 spell levels left.
You knew the following spells:

 Your Spells              Type           Power      Damage    Failure   Level
a - Slow                  Hex            16%        N/A       32%         1

Your spell library contained the following spells:

 Spells                   Type           Power      Damage    Failure   Level
 Inner Flame              Hex/Fire       2%         N/A       82%         3
 Portal Projectile        Hex/Tloc       4%         N/A       82%         3
 Cause Fear               Hex            2%         N/A       97%         4

Inventory:

Hand Weapons
 Y - a +1 sling (weapon)
Armour
 b - a scarf of resistance (worn)
 e - a +0 ring mail (worn)
 f - the +0 hat of Sirewk (worn) {rPois rC+ Slay-3}
   (You acquired it in a sewer)

   Slay:      It affects your accuracy & damage with ranged weapons and melee
   (-3).
   rC:        It protects you from cold.
   rPois:     It protects you from poison.
Jewellery
 d - an amulet of guardian spirit (around neck)
 k - a +4 ring of protection (left hand)
Scrolls
 a - 2 scrolls of teleportation
Potions
 g - a potion of might {unknown}
 h - a potion of heal wounds {unknown}
 i - a potion of degeneration {unknown}

Dungeon Overview and Level Annotations

Branches:
Dungeon (4/15)              Sewer (visited)
 Temple: D:4-7

Altars:
Xom

Shops:
D:2 [


Message History

The sling bullet barely misses the orc priest.
The orc priest hits you but does no damage.
The orc closely misses you.
The orc wizard points at you and mumbles some strange words.
The puff of flame hits you but does no damage.
You resist. The orc hits you with a +0 short sword.
You shoot a sling bullet.
The sling bullet closely misses the orc priest.
The orc priest invokes the aid of Beogh against you.
Beogh smites you! The orc closely misses you.
The orc wizard hits you but does no damage.
The orc closely misses you.
You shoot a sling bullet.
The sling bullet closely misses the orc priest.
The orc priest hits you with a +0 dagger.
The orc hits you with a +0 club.
The orc wizard gestures wildly while chanting.
The orc wizard flickers and vanishes!
Deactivating autopickup; reactivate with Ctrl-A.
The orc barely misses you.
You shoot a sling bullet.
The sling bullet barely misses the orc priest.
The orc priest hits you with a +0 dagger.
The orc hits you but does no damage. Something hits you but does no damage.
The orc hits you but does no damage. Something hits you but does no damage.
The orc hits you but does no damage.
The orc priest hits you but does no damage.
The orc barely misses you.
2883 ||| READING 3 scrolls of teleportation.
As you read the scroll of teleportation, it crumbles to dust.
You feel strangely unstable.
The orc priest mumbles some strange prayers to Beogh against you.
Beogh smites you! The orc hits you but does no damage.
You hear some strange, mumbled words.
A magic dart appears from out of thin air!
The magic dart hits you. The orc hits you but does no damage.
You shoot a sling bullet. The sling bullet hits the orc priest.
You kill the orc priest!
The orc hits you with a +0 club.
You die...

# #.#. #.#. ###
### ## ?..##..
.. ..##
#.#...##.##...
#...#..#.#..#
#...##.....##..
#......{o......
#...##.@o..##
#...#..#)#..# .
#####.#...##.##
... .###
#..............
. ....
#...........###
....
#........####
....##........#
.........#.####
...........##


You could see 2 orcs.

Vanquished Creatures
  A scorpion (D:4)
  An orc priest (D:4)
  6 adders
  3 worms (D:3)
  6 dart slugs
  An orc (D:4)
  3 giant cockroaches
  6 goblins
  8 hobgoblins
  6 jackals (D:1)
  2 quokkas
  12 ball pythons
  10 bats
  9 frilled lizards
  7 kobolds
  16 rats
97 creatures vanquished.

Notes
Turn   | Place    | Note
-------+----------+-------------------------------------------
     0 | D:1      | qw the Minotaur Hexslinger began the quest for the Orb.
     0 | D:1      | Reached XP level 1. HP: 16/16 MP: 1/1
     0 | D:1      | 0 ||| qw: Version: 0.3-a-46-gb1f654a
     0 | D:1      | 0 ||| qw: Game counter: 3015
     0 | D:1      | 0 ||| qw: Melee chars always use a shield: true
     0 | D:1      | 0 ||| qw: God list: Okawaru
     0 | D:1      | 0 ||| qw: Allow faded altars: false
     0 | D:1      | 0 ||| qw: Do Orc after clearing Dungeon:15 true
     0 | D:1      | 0 ||| qw: Do second Lair branch before Depths: true
     0 | D:1      | 0 ||| qw: Lair rune preference: random
     0 | D:1      | 0 ||| qw: Goals: Normal
     0 | D:1      | 0 ||| PLANNING D:1-11
    79 | D:1      | Reached skill level 3 in Ranged Weapons
    80 | D:1      | Reached XP level 2. HP: 13/23 MP: 2/2
    82 | D:1      | HP: 3/23 [ball python (3)]
   456 | D:1      | Reached XP level 3. HP: 16/29 MP: 3/3
   646 | D:1      | 646 ||| UPGRADING to +0 leather armour.
   656 | D:1      | 656 ||| DROPPING +0 robe.
   657 | D:1      | 657 ||| READING 2 scrolls labelled HEISOUR VACE.
   661 | D:1      | 661 ||| READING scroll labelled LAUXAU TOIBOAH.
   662 | D:1      | 662 ||| DROPPING scroll of poison.
   740 | D:2      | Reached skill level 4 in Ranged Weapons
   855 | D:2      | Found Nogyduvi's Antique Armour Shop.
   868 | D:2      | 868 ||| BUYING ring mail (68 gold).
   868 | D:2      | Bought a ring mail for 68 gold pieces
   868 | D:2      | 868 ||| SHOPLISTING silken robe (96 gold, have 22).
  1119 | D:2      | Reached XP level 4. HP: 36/36 MP: 4/4
  1329 | D:2      | 1329 ||| UPGRADING to +0 ring mail.
  1339 | D:2      | 1339 ||| DROPPING +0 leather armour.
  1340 | D:2      | 1340 ||| UPGRADING to amulet of guardian spirit.
  1345 | D:2      | 1345 ||| READING scroll labelled PAMPYI FAIRU.
  1346 | D:2      | 1346 ||| READING scroll labelled ZUAN TEOTUE.
  1347 | D:2      | 1347 ||| READING scroll labelled TEGRYMEIDE.
  1348 | D:2      | 1348 ||| DRINKING 2 fizzy red potions.
  1349 | D:2      | 1349 ||| DROPPING potion of magic.
  1360 | D:3      | 1360 ||| PLANNING SEWER
  1497 | D:3      | Reached skill level 1 in Armour
  1619 | D:3      | Reached skill level 5 in Ranged Weapons
  1619 | D:3      | Found a glowing drain.
  1620 | D:3      | 1620 ||| UPGRADING to scarf of resistance.
  1633 | Sewer    | Entered a sewer
  1650 | Sewer    | 1650 ||| Stepping ~*~*~tactically~*~*~ (water).
  1724 | Sewer    | 1724 ||| Stepping ~*~*~tactically~*~*~ (water).
  1839 | Sewer    | 1839 ||| Stepping ~*~*~tactically~*~*~ (water).
  1909 | Sewer    | Reached skill level 3 in Fighting
  1909 | Sewer    | Reached XP level 5. HP: 44/45 MP: 3/5
  1970 | Sewer    | 1970 ||| Stepping ~*~*~tactically~*~*~ (water).
  2023 | Sewer    | 2023 ||| READING scroll labelled JEHYIVYODU.
  2023 | Sewer    | Identified a scroll of acquirement
  2023 | Sewer    | 2023 ||| ACQUIRING +0 hat of Sirewk {rPois rC+ Slay-3}
  2023 | Sewer    | Acquired the +0 hat of Sirewk {rPois rC+ Slay-3}
  2025 | Sewer    | 2025 ||| UPGRADING to +0 hat of Sirewk {rPois rC+ Slay-3}.
  2030 | Sewer    | 2030 ||| DRINKING 2 fizzy clear potions.
  2076 | D:3      | 2076 ||| PLANNING D:1-11
  2657 | D:3      | 2657 ||| UPGRADING to +4 ring of protection.
  2658 | D:3      | 2658 ||| DRINKING 2 murky brown potions.
  2659 | D:3      | 2659 ||| DROPPING potion of brilliance.
  2820 | D:4      | Found a shimmering altar of Xom.
  2871 | D:4      | 2871 ||| DRINKING potion of curing.
  2871 | D:4      | 2871 ||| (to cure confusion)
  2882 | D:4      | HP: 9/45 [orc priest/+0 dagger (3)]
  2883 | D:4      | 2883 ||| READING 3 scrolls of teleportation.
  2883 | D:4      | HP: 4/45 [orc priest/divine providence (6)]
  2883 | D:4      | HP: 1/45 [something/magic dart (3)]
  2884 | D:4      | Slain by an orc

Levels and vault maps discovered:
D:1:      nzn_arrival_depleted_hourglass, layout_rooms, minmay_rat_gold_closets
D:2:      layout_loops_ring, serial_shops, shop,
          nicolae_concentric_dashed_squares_wild, minivault_19,
          kennysheep_potato
D:3:      layout_basic, cheibrodos_sewer_entry_sluice
D:4:      layout_basic, mainiacjoe_overflow_small_starburst, dk_noncrumbling_2

Skill      XL: |  1  2  3  4 |
---------------+-------------+-----
Ranged Weapons | 3 4 5 |  5.9
Fighting       | 2 3 |  3.0
Armour         | 1 |  1.0
Dodging        | |  2.1
Spellcasting   | |  1.0
Hexes          | |  2.0

Action                     |  1- 3 |  4- 6 || total
---------------------------+-------+-------++-------
   Fire: Sling             |   134 |   206 ||   340
    Use: Scroll            |     2 |     5 ||     7
         Potion            |       |     4 ||     4
 Armour: Robe              |     5 |       ||     5
         Leather armour    |     2 |       ||     2
         Ring mail         |       |    73 ||    73
  Dodge: Dodged            |    43 |    84 ||   127

Table legend:
 A = Non-vault XP
 B = Vault XP
 C = Vault XP percentage of total XP
 D = Non-vault monster count
 E = Vault monster count
 F = Vault count percentage of total count
                 A         B        C        D         E       F
            +---------+---------+-------+---------+---------+-------
      Total |     288 |      81 |  22.0 |      71 |      26 |  26.8
            +---------+---------+-------+---------+---------+-------
        D:1 |      48 |       8 |  14.3 |      29 |       8 |  21.6
        D:2 |      48 |       2 |   4.0 |      19 |       2 |   9.5
        D:3 |      56 |       7 |  11.1 |      19 |       3 |  13.6
        D:4 |     136 |       0 |   0.0 |       4 |       0 |   0.0
      Sewer |       0 |      64 | 100.0 |       0 |      13 | 100.0
            +---------+---------+-------+---------+---------+-------
